 Dungeon Crawl Stone Soup version 0.18.1-50-g88ac8fd (webtiles) character file.

164 mopl the Slasher (level 5, -2/27 HPs)
             Began as a Vine Stalker Warper on May 17, 2017.
             Killed by nerve-wracking pain
             ... invoked by Grinder
              (10 damage)
             ... on level 3 of the Dungeon.
             The game lasted 00:03:17 (1944 turns).

mopl the Slasher (Vine Stalker Warper)              Turns: 1944, Time: 00:03:17

Health: -2/27      AC:  6    Str: 14    XL:     5   Next: 45%
Magic:  0/9        EV: 10    Int: 13    God:
Gold:   151        SH:  3    Dex: 14    Spells: 2 memorised, 5 levels left

rFire  . . .     SeeInvis .     b - +0 dagger (elec)
rCold  . . .     Gourm    .     j - +0 ring mail
rNeg   . . .     Faith    .     o - +0 buckler
rPois  .         Spirit   +     (no helmet)
rElec  .         Dismiss  .     n - +0 cloak
rCorr  .         Reflect  .     (no gloves)
SustAt +         Harm     .     (no boots)
MR     .....                    (no amulet)
Stlth  +.........               (no ring)
                                s - ring of sustain attributes

@: not resistant to hostile enchantments, very unstealthy
A: fangs 2, regeneration 1, magic shield, antimagic bite, no device heal 3, rot
immunity
a: no special abilities


You were on level 3 of the Dungeon.
You were not hungry.

You visited 1 branch of the dungeon, and saw 3 of its levels.

You collected 151 gold pieces.

Inventory:

Hand Weapons
 a - a +0 falchion
 b - a +0 dagger of electrocution (weapon)
Missiles
 e - 5 tomahawks of dispersal (quivered)
Armour
 j - a +0 ring mail (worn)
 n - a +0 cloak (worn)
 o - a +0 buckler (worn)
 x - a +0 leather armour
Jewellery
 s - a ring of sustain attributes (left hand)
Wands
 q - a wand of flame (23/48)
Scrolls
 d - 5 scrolls of blinking
 g - 3 scrolls of remove curse {unknown}
 i - a scroll of fear {unknown}
 m - a scroll of identify {unknown}
 p - a scroll of magic mapping {unknown}
 t - a scroll of teleportation {unknown}
Potions
 h - 2 potions of brilliance {unknown}
 k - a potion of lignification {unknown}
 r - 2 potions of curing {unknown}
 u - 2 potions of might {unknown}
 v - 2 potions of flight {unknown}
 z - a potion of degeneration {unknown}
Books
 c - a book of Spatial Translocations

   Spells                             Type                      Level
   a - Apportation                    Translocation                1
   b - Blink                          Translocation                2
   c - Shroud of Golubria             Charms/Translocation         2
   d - Portal Projectile              Translocation                3
   e - Teleport Other                 Translocation                3
   f - Passage of Golubria            Translocation                4
Comestibles
 f - 2 bread rations
 l - 2 beef jerkies
 w - a chunk of flesh


   Skills:
 + Level 2.4 Fighting
 * Level 4.4 Long Blades
 - Level 0.8 Throwing
 - Level 0.7 Armour
 - Level 1.5 Dodging
 - Level 2.1 Spellcasting
 - Level 3.0 Translocations
 + Level 1.0 Evocations


You had 5 spell levels left.
You knew the following spells:

 Your Spells              Type           Power        Failure   Level  Hunger
a - Apportation           Tloc           #.........   24%         1    ##.....
e - Blink                 Tloc           N/A          38%         2    ###....


Dungeon Overview and Level Annotations

Branches:
Dungeon (3/15)

Altars:
Ashenzari
Cheibriados
Kikubaaqudgha
Ru
Vehumet
Yredelemnul
Zin

Annotations:
D:3 Grinder


Innate Abilities, Weirdness & Mutations

You have extremely sharp teeth.
Your natural rate of healing is unusually fast.
When hurt, damage is shared between your health and your magic reserves.
Your bite disrupts and absorbs the magic of your enemies.
Potions and wands cannot restore your health.
You are immune to rotting.


Message History

Grinder hits you.
You writhe in agony.
Grinder blinks!
Grinder gestures at you. Pain shoots through your body!
You can move again.
Unknown command.
Grinder gestures at you.
You suddenly lose the ability to move!
Grinder hits you.
You writhe in agony.
* * * LOW HITPOINT WARNING * * *
You can move again.
Unknown command.
Unknown command.
Grinder gestures at you. You resist with some effort.
You see here a worker ant corpse.
Grinder says, "Don't move a muscle."
Grinder gestures at you. Pain shoots through your body!
You die...

####..#### #.
...####........## #.
..!.....##......####
#.
......####.........#
#. #.### ##.†##.##. #.
#.5##.##. ####.
#..##.##.# #....
#..##.##.# #.###
#.@##.##.#### #.#
#..#......(.. #.#
#####..#..##.# #.#
.........#.##.######.#
.#####..#......(.....#
#.....##.########
#........# ##....####
.....#.##


You could see Grinder.

Vanquished Creatures
  A worker ant (D:3)
  5 adders (D:2)
  3 gnolls (D:3)
  3 dart slugs (D:2)
  2 giant geckos
  2 ball pythons (D:2)
  7 bats
  5 giant cockroaches
  6 goblins
  5 hobgoblins
  3 jackals (D:1)
  A giant newt (D:1)
  7 kobolds
  8 rats
58 creatures vanquished.

Notes
Turn   | Place    | Note
--------------------------------------------------------------
     0 | D:1      | mopl the Vine Stalker Warper began the quest for the Orb.
     0 | D:1      | Reached XP level 1. HP: 11/11 MP: 4/4
   114 | D:1      | Reached skill level 2 in Long Blades
   207 | D:1      | Reached XP level 2. HP: 15/15 MP: 6/6
   256 | D:1      | Learned a level 2 spell: Blink
   519 | D:1      | Reached skill level 3 in Long Blades
   613 | D:1      | Reached XP level 3. HP: 18/18 MP: 7/7
  1037 | D:2      | Reached XP level 4. HP: 16/23 MP: 5/8
  1219 | D:2      | Found a shattered altar of Ashenzari.
  1326 | D:2      | Reached skill level 2 in Fighting
  1344 | D:2      | Found a sacrificial altar of Ru.
  1345 | D:2      | Found a basalt altar of Yredelemnul.
  1345 | D:2      | Found a snail-covered altar of Cheibriados.
  1345 | D:2      | Found a radiant altar of Vehumet.
  1351 | D:2      | Found a glowing silver altar of Zin.
  1357 | D:2      | Found an ancient bone altar of Kikubaaqudgha.
  1562 | D:2      | Reached skill level 4 in Long Blades
  1779 | D:3      | Reached XP level 5. HP: 26/26 MP: 7/9
  1849 | D:3      | Reached skill level 1 in Evocations
  1924 | D:3      | Noticed Grinder
  1926 | D:3      | Paralysed by Grinder for 6 turns
  1933 | D:3      | Paralysed by Grinder for 5 turns
  1944 | D:3      | Killed from afar by Grinder

Skill      XL: |  1  2  3  4  5 |
---------------+----------------+-----
Long Blades    | 2 3 4 |  4.4
Fighting       | 2 |  2.4
Evocations     | 1 |  1.0
Throwing       | |  0.8
Armour         | |  0.7
Dodging        | |  1.5
Spellcasting   | |  2.1
Translocations | |  3.0

Action                   |  1- 3 |  4- 6 || total
-------------------------+-------+-------++-------
Melee: Falchion          |   139 |    62 ||   201
       Bite              |    24 |    22 ||    46
       Dagger            |       |    33 ||    33
  Eat: Chunk             |     1 |     3 ||     4
Armor: Ring mail         |    58 |    46 ||   104
       Leather armour    |     2 |       ||     2
Dodge: Dodged            |    84 |    50 ||   134
Block: Buckler           |     6 |    19 ||    25
